 Dungeon Crawl Stone Soup version 0.25.1-2-g60ff931df9 (webtiles) character file.

Game seed: 13156937821073278161

175 HawFromDerth the Stinger (level 5, 0/28 HPs)
             Began as a Deep Elf Venom Mage on Aug 20, 2020.
             Was a Follower of Yredelemnul.
             Slain by a gnoll
             ... wielding a +0 spear
              (1 damage)
             ... on level 4 of the Dungeon.
             The game lasted 00:14:20 (3539 turns).

HawFromDerth the Stinger (Deep Elf Venom Mage)      Turns: 3539, Time: 00:14:24

Health: 0/28       AC:  3    Str:  5    XL:     5   Next: 29%
Magic:  11/13      EV: 13    Int: 21    God:    Yredelemnul [*.....]
Gold:   70         SH:  0    Dex: 15    Spells: 11/12 levels left

rFire    . . .     SeeInvis .   d - +2 spear (venom)
rCold    . . .     Gourm    .   (no shield)
rNeg     . . .     Faith    .   a - +0 robe
rPois    .         Spirit   .   (no helmet)
rElec    .         Reflect  .   h - +0 cloak
rCorr    .         Harm     .   (no gloves)
MR       .....                  (no boots)
Stlth    ++........             (no amulet)
HPRegen  0.09/turn              (no ring)
MPRegen  0.13/turn              (no ring)

@: no status effects
A: no striking features
a: Animate Remains, Renounce Religion


You were on level 4 of the Dungeon.
You worshipped Yredelemnul.
Yredelemnul was aware of your devotion.
You were not hungry.

You visited 1 branch of the dungeon, and saw 4 of its levels.

You collected 70 gold pieces.

Inventory:

Hand Weapons
 d - a +2 spear of venom (weapon)
Armour
 a - a +0 robe (worn)
 h - a +0 cloak (worn)
Scrolls
 b - 3 scrolls of teleportation
 e - 5 scrolls of identify
 f - a scroll of random uselessness
 i - a scroll of fog {unknown}
Potions
 g - a potion of heal wounds
 k - a potion of curing {unknown}
Comestibles
 c - 10 rations
 j - a chunk of flesh


   Skills:
 + Level 0.4 Fighting
 + Level 0.1 Polearms
 + Level 2.9 Dodging
 + Level 2.9 Stealth
 + Level 4.4 Spellcasting
 + Level 2.7 Transmutations
 + Level 4.7 Poison Magic


You had 11 spell levels left.
You knew the following spells:

 Your Spells              Type           Power        Failure   Level  Hunger
a - Sting                 Tmut/Pois      ###.         2%          1    None

Your spell library contained the following spells:

 Spells                   Type           Power        Failure   Level  Hunger
 Poisonous Vapours        Pois/Air       ##....       7%          2    #......
 Ignite Poison            Fire/Tmut/Pois ###.....     12%         3    ##.....
 Olgreb's Toxic Radiance  Pois           ###.....     16%         4    ####...
 Mephitic Cloud           Conj/Pois/Air  ##......     19%         3    ##.....


Dungeon Overview and Level Annotations

Branches:
Dungeon (4/15)
 Temple: D:4-7

Altars:
Ashenzari
Dithmenos
Hepliaklqana
Qazlal
Sif Muna
Yredelemnul

Portals:
Sewer: D:4


Message History

Casting: Sting (safe; 2% risk of failure)
Confirm with . or Enter, or press ? or * to list all spells.
Aiming: Sting (safe; 2% risk of failure)
Press: ? - help, Shift-Dir - straight line, f - gnoll
Aim: a gnoll, wielding a +0 club The sting hits the gnoll!
The gnoll is poisoned.
The gnoll is heavily wounded.
The gnoll closely misses you. The gnoll misses you.
You hit the gnoll.
The gnoll looks even sicker.
The gnoll is severely wounded.
The gnoll hits you from afar with a +0 spear!
The gnoll hits you with a +0 club.
* * * LOW HITPOINT WARNING * * *
You barely miss the gnoll.
The gnoll is severely wounded.
The gnoll closely misses you. The gnoll hits you with a +0 club.
* * * LOW HITPOINT WARNING * * *
The gnoll hits you from afar with a +0 spear.
You die...
Your body rises from the dead as a mindless zombie.

# ###.##.<.. ... #.##.#
#......... ...#
##..#.####...).....
...##..##...###.....<..
....#.......##........
##..#.................
##........##........##+
##...................#
#......@.!...........+
#..#...g........#...##
#....g.#...........#
#....$..#..†.......#
#.......#..)≈≈≈......
##.....##..≈≈≈≈≈......
#......##..≈≈∩≈≈...#..
#...####...≈≈≈≈≈...#
#... .....≈≈≈.....


You could see 2 gnolls.

Vanquished Creatures
  5 gnolls
  A river rat (D:4)
  4 adders
  An adder skeleton (D:3)
  2 worms
  A dart slug (D:1)
  3 leopard geckos (D:2)
  4 orcs (D:3)
  2 ball pythons
  5 giant cockroaches
  6 hobgoblins
  3 jackals (D:4)
  2 quokkas
  3 bats
  A frilled lizard (D:1)
  6 goblins
  7 kobolds
  7 rats
63 creatures vanquished.

Notes
Turn   | Place    | Note
-------+----------+-------------------------------------------
     0 | D:1      | HawFromDerth the Deep Elf Venom Mage began the quest for
                  | the Orb.
     0 | D:1      | Reached XP level 1. HP: 10/10 MP: 6/6
   197 | D:1      | Reached XP level 2. HP: 15/15 MP: 6/8
   762 | D:2      | Reached XP level 3. HP: 19/19 MP: 8/10
   814 | D:2      | Found a shadowy altar of Dithmenos.
  1459 | D:2      | Found a basalt altar of Yredelemnul.
  1477 | D:2      | Became a worshipper of Yredelemnul the Dark
  1532 | D:2      | Reached XP level 4. HP: 24/24 MP: 8/11
  1833 | D:2      | Found a shattered altar of Ashenzari.
  2781 | D:3      | Found a hazy altar of Hepliaklqana.
  2785 | D:3      | Found a stormy altar of Qazlal.
  2793 | D:3      | Found a shimmering blue altar of Sif Muna.
  3085 | D:3      | Reached XP level 5. HP: 24/28 MP: 11/13
  3434 | D:4      | Found a glowing drain.
  3443 | D:4      | Reached * piety under Yredelemnul
  3539 | D:4      | HP: 1/28 [gnoll/+0 club (3)]
  3539 | D:4      | Slain by a gnoll

Illustrated notes

Levels and vault maps discovered:
D:1:      dpeg_arrival_simpleton_b, layout_basic
D:2:      layout_basic, yredelemnul_altar_generic,
          lemuel_coloured_pillars_altar, old_standard_altar, first_ration,
          serial_glass, glass_columns_c, glass_columns_a
D:3:      layout_loops_corners, gammafunk_temple_overflow_forgotten
D:4:      layout_cave_pools, lemuel_round_altar,
          minmay_temple_entry_antechambers, portal_sewer_entry_a,
          minmay_liquid_box, minmay_statues_item

Skill      XL: |  1  2  3  4 |
---------------+-------------+-----
Poison Magic   | 4 |  4.7
Transmutations | 2 |  2.7
Spellcasting   | 4 |  4.4
Fighting       | |  0.4
Polearms       | |  0.1
Dodging        | |  2.9
Stealth        | |  2.9

Action                   |  1- 3 |  4- 6 || total
-------------------------+-------+-------++-------
Melee: Dagger            |     1 |       ||     1
       Spear             |       |    45 ||    45
 Cast: Sting             |    49 |    47 ||    96
  Use: Scroll            |     4 |     3 ||     7
       Potion            |     1 |       ||     1
 Stab: Sleeping          |       |     2 ||     2
  Eat: Chunk             |     2 |     6 ||     8
Armor: Robe              |     2 |     9 ||    11
Dodge: Dodged            |    21 |    56 ||    77
